 Dungeon Crawl Stone Soup version 0.19-b1-4-gd8a0a2a (webtiles) character file.

76224 nikopol the Severer (level 15, -20/134 HPs)
             Began as a Minotaur Berserker on Oct 30, 2016.
             Was the Champion of Trog.
             Killed from afar by syranez's ghost (31 damage)
             ... with a bolt of negative energy
             ... on level 13 of the Dungeon.
             The game lasted 01:22:47 (25351 turns).

nikopol the Severer (Minotaur Berserker)           Turns: 25351, Time: 01:22:48

Health: -20/134    AC: 17    Str: 28    XL:     15   Next: 11%
Magic:  14/14      EV: 18    Int:  4    God:    Trog [******]
Gold:   2101       SH:  0    Dex: 16    Spells: 0 memorised, 14 levels left

rFire  + . .     SeeInvis .     a - +0 battleaxe (chop)
rCold  + + .     Gourm    +     y - +2 scale mail {rC+}
rNeg   . . .     Faith    .     (shield currently unavailable)
rPois  +         Spirit   .     (helmet restricted)
rElec  .         Reflect  .     q - +1 cloak
rCorr  .         Harm     .     K - +0 pair of gloves
MR     +....                    V - +0 pair of boots
Stlth  ..........               x - amulet "Loeticil" {Gourm rPois rF+ Str+4 Dex+2}
                                W - +2 ring of dexterity
                                D - ring of protection from cold

@: exhausted, slowed, drained, very slow
A: retaliatory headbutt, horns 2, clumsy 1
a: Berserk, Trog's Hand, Brothers in Arms, Burn Spellbooks, Renounce Religion


You were on level 13 of the Dungeon.
You worshipped Trog.
Trog was exalted by your worship.
You were very full.

You visited 3 branches of the dungeon, and saw 21 of its levels.

You collected 2181 gold pieces.
You spent 80 gold pieces at shops.

Inventory:

Hand Weapons
 a - a +0 battleaxe of chopping (weapon)
 z - a +1 shortbow
 B - a +2 war axe of holy wrath
Missiles
 m - 357 arrows
Armour
 q - a +1 cloak (worn)
 y - a +2 scale mail of cold resistance (worn)
 K - a +0 pair of gloves (worn)
 V - a +0 pair of boots (worn)
Jewellery
 x - the amulet "Loeticil" (around neck) {Gourm rPois rF+ Str+4 Dex+2}
   (You found it on level 6 of the Lair of Beasts)

   [amulet of the gourmand]

   It allows you to eat raw meat even when not hungry.
   It affects your strength (+4).
   It affects your dexterity (+2).
   It protects you from fire.
   It protects you from poison.
 D - a ring of protection from cold (left hand)
 W - a +2 ring of dexterity (right hand)
Wands
 r - a wand of teleportation (4/9)
 F - a wand of acid (8/15)
 U - a wand of acid (9/15)
 X - a wand of polymorph (10/24)
 Y - a wand of random effects (28/48)
Scrolls
 g - 3 scrolls of fog
 h - 5 scrolls of teleportation
 j - a scroll of enchant weapon
 k - 17 scrolls of remove curse
 n - 2 scrolls of fear
 t - 3 scrolls of enchant armour
 w - 4 scrolls of magic mapping
 A - 3 scrolls of identify
 C - a scroll of immolation
 L - 2 scrolls of recharging {unknown}
 O - 2 scrolls of blinking {unknown}
 Z - 2 scrolls of amnesia {unknown}
Potions
 e - 4 potions of haste
 f - 3 potions of curing
 i - a potion of ambrosia {unknown}
 l - 2 potions of mutation {unknown}
 o - 2 potions of beneficial mutation {unknown}
 p - 7 potions of brilliance
 u - 3 potions of agility
 v - 2 potions of berserk rage {unknown}
 E - 2 potions of lignification {unknown}
 G - 5 potions of flight
 H - a potion of degeneration {unknown}
 I - a potion of resistance {unknown}
 J - a potion of magic {unknown}
 N - 2 potions of cancellation
 P - 2 potions of invisibility {unknown}
 Q - a potion of cure mutation {unknown}
 R - 4 potions of might
 S - 3 potions of heal wounds
Books
 T - a book of Cantrips

   Spells                             Type                      Level
   a - Confusing Touch                Hexes                        1
   b - Animate Skeleton               Necromancy                   1
   c - Summon Small Mammal            Summoning                    1
   d - Apportation                    Translocation                1
   Trog disapproves of the use of such an item.
Comestibles
 b - 14 royal jellies
 c - 7 bread rations
 d - 11 fruits
 s - 6 beef jerkies
 M - 5 meat rations


   Skills:
 + Level 12.9(12.1) Fighting
 * Level 16.9(16.1) Axes
 * Level 14.4(13.6) Bows
 + Level 13.0(12.3) Armour
 + Level 11.7(10.9) Dodging


You had 14 spell levels left.
You didn't know any spells.

Dungeon Overview and Level Annotations

Branches:
Dungeon (13/15)            Temple (0/1) D:7            Lair (6/6) D:10
 Shoals (0/4) Lair:4        Snake (0/4) Lair:4        Slime (0/5) Lair:6
    Orc (2/2) D:10            Elf (0/3) Orc:2
 Vaults: D:13-14

Altars:
Ashenzari
Hepliaklqana
Nemelex Xobeh
Sif Muna

Shops:
D:6 }   D:7 [   D:10 [   Orc:2 *}*%

Annotations:
D:13 syranez's ghost, adept DrBe


Innate Abilities, Weirdness & Mutations

You reflexively headbutt those who attack you in melee.
You have a pair of horns on your head.
You are clumsy. (Dex -2)


Message History

Syranez's ghost is heavily damaged.
You miss syranez's ghost.
Syranez's ghost is heavily damaged.
Syranez's ghost hits you!!
* * * LOW HITPOINT WARNING * * *
You are electrocuted!
* * * LOW HITPOINT WARNING * * *
You barely miss syranez's ghost. You headbutt syranez's ghost!!
Syranez's ghost is severely damaged.
You hit syranez's ghost but do no damage.
Syranez's ghost is severely damaged.
Syranez's ghost hits you but does no damage.
You hit syranez's ghost.
Syranez's ghost is severely damaged.
You are no longer berserk.
You are exhausted.
You feel yourself slow down.
Syranez's ghost breathes negative energy at you.
The bolt of negative energy hits you!
You feel drained.
You die...

..########## ...........
..( .......... ..((
.{.......#####.(..
.........#.....#.#
#..#.......# #..#.....#.#
#((#)W...... #..(@.(((#
#..#))..((.. #..#.....###
#########..#.....(...
...........#.........
######.......#........
#....######..#........
#.....<...#..###...######
#.........#....#...#....#


You could see syranez's ghost.

Vanquished Creatures
  Kirke (Lair:4)
  The ghost of Nicoed the Cleaver, a journeyman HOFi of Beogh (Lair:3)
  A yaktaur captain (D:13)
  Harold (Orc:1)
  An ice dragon (Lair:6)
  Erolcha (D:9)
  14 hydras
  6 death yaks (Lair:6)
  3 orc high priests (Orc:2)
  Sonja (Lair:3)
  A lindwurm (Lair:6)
  3 hill giants
  Pikel (D:4)
  A wolf spider zombie (D:13)
  2 ugly things
  4 orc knights (Orc:2)
  5 orc sorcerers
  2 cyclopes
  16 elephants
  A centaur zombie (D:11)
  Maurice (D:8)
  Joseph (D:7)
  6 torpor snails (Lair:6)
  A gargoyle (D:12)
  4 black mambas
  14 spiny frogs
  3 rime drakes
  A kobold demonologist (D:12)
  2 yaktaurs (D:13)
  8 komodo dragons
  A queen bee (Lair:1)
  7 trolls
  2 polar bears
  6 hornets (Lair:6)
  4 tyrant leeches (Lair:6)
  2 two-headed ogres
  7 blink frogs
  4 dream sheep (Lair:4)
  5 slime creatures (D:12)
  9 hippogriffs
  Sigmund (D:5)
  A shadow (D:13)
  26 yaks
  3 wyverns
  A basilisk (Lair:4)
  Eustachio (D:5)
  5 hogs (Lair:4)
  2 vampire mosquitoes (D:12)
  A mottled dragon (D:12)
  5 wargs
  5 hungry ghosts
  4 nagas (Lair:4)
  A soldier ant (D:12)
  18 water moccasins
  10 porcupines
  An ice beast (D:12)
  15 orc warriors
  3 black bears
  5 sky beasts
  3 slaves (D:4)
  A phantom (D:9)
  2 necrophages
  3 centaurs
  An eye of draining (D:11)
  7 ogres
  6 wolves (Lair:2)
  15 crocodiles
  A big kobold (D:13)
  15 bullfrogs
  2 scorpions
  A vampire bat (Lair:2)
  31 killer bees
  5 howler monkeys
  8 crimson imps
  5 hounds
  6 jellies
  20 orc wizards
  21 orc priests
  A bullfrog zombie (D:12)
  3 centaur skeletons
  A gnoll shaman (D:7)
  2 bullfrog skeletons
  4 iguanas
  5 hell rats (Lair:5)
  6 worker ants
  A killer bee zombie (D:7)
  A hound skeleton (D:5)
  A hound zombie (D:7)
  12 gnolls
  A howler monkey skeleton (D:6)
  6 adders
  7 oozes
  2 worms (D:2)
  A dart slug (D:1)
  7 leopard geckos
  67 orcs
  6 giant cockroaches
  6 goblins
  7 hobgoblins
  12 jackals
  16 kobolds
  2 quokkas
  11 bats
  6 frilled lizards
  A quokka zombie (D:9)
  4 rats
  6 fungi
  10 plants
630 creatures vanquished.

Vanquished Creatures (others)
  A black mamba (Lair:6)
  A hippogriff (Lair:6)
  A quokka (D:4)
  15 fungi
  7 plants
25 creatures vanquished.

Grand Total: 655 creatures vanquished

Notes
Turn   | Place    | Note
-------+----------+-------------------------------------------
     0 | D:1      | nikopol the Minotaur Berserker began the quest for the Orb.
     0 | D:1      | Reached XP level 1. HP: 19/19 MP: 0/0
   353 | D:1      | Reached XP level 2. HP: 23/27 MP: 1/1
   706 | D:1      | Reached skill level 4 in Axes
   952 | D:2      | Reached XP level 3. HP: 29/33 MP: 2/2
  1078 | D:2      | Reached ** piety under Trog
  1719 | D:3      | Reached XP level 4. HP: 40/40 MP: 3/3
  1901 | D:3      | Reached skill level 5 in Axes
  1901 | D:3      | Reached XP level 5. HP: 47/47 MP: 4/4
  1983 | D:3      | Reached *** piety under Trog
  2328 | D:4      | Noticed a slave
  2352 | D:4      | Killed a slave
  2484 | D:4      | Noticed Pikel
  2484 | D:4      | Noticed a slave
  2485 | D:4      | Noticed a slave
  2485 | D:4      | Noticed a slave
  2494 | D:4      | Killed a slave
  2496 | D:4      | Killed Pikel
  2496 | D:4      | Reached skill level 5 in Fighting
  2496 | D:4      | Reached skill level 6 in Axes
  2496 | D:4      | Reached skill level 5 in Armour
  2496 | D:4      | Reached XP level 6. HP: 28/57 MP: 5/5
  2496 | D:4      | Reached XP level 7. HP: 31/62 MP: 6/6
  3536 | D:5      | Entered Level 5 of the Dungeon
  3577 | D:5      | Noticed Eustachio
  3609 | D:5      | Killed Eustachio
  3609 | D:5      | Reached skill level 5 in Dodging
  3609 | D:5      | Reached XP level 8. HP: 49/71 MP: 4/7
  3993 | D:5      | Noticed Sigmund
  4004 | D:5      | Killed Sigmund
  4004 | D:5      | Reached **** piety under Trog
  4004 | D:5      | Reached skill level 7 in Axes
  4004 | D:5      | Reached skill level 1 in Bows
  4805 | D:6      | Found Ugrag's Gadget Emporium.
  5229 | D:7      | Reached skill level 8 in Axes
  5536 | D:7      | Found a sparkling altar of Nemelex Xobeh.
  5563 | D:7      | Reached XP level 9. HP: 79/79 MP: 8/8
  5815 | D:7      | Found a staircase to the Ecumenical Temple.
  5820 | D:7      | Noticed Joseph
  5845 | D:7      | Killed Joseph
  6046 | D:7      | Reached skill level 5 in Bows
  6149 | D:7      | Reached ***** piety under Trog
  6152 | D:7      | Found Ulodew Kiva's Armour Boutique.
  6456 | D:8      | Noticed Maurice
  6682 | D:8      | Killed Maurice
  6682 | D:8      | Reached skill level 9 in Axes
  7113 | D:8      | Found a faded altar of an unknown god.
  7113 | D:8      | Found a faded altar of an unknown god.
  7118 | D:8      | Found a faded altar of an unknown god.
  7120 | D:8      | Found a hazy altar of Hepliaklqana.
  7122 | D:8      | Found a shattered altar of Ashenzari.
  7411 | D:9      | Noticed a cyclops
  7424 | D:9      | Killed a cyclops
  7424 | D:9      | Reached XP level 10. HP: 73/88 MP: 6/9
  7714 | D:9      | Reached skill level 10 in Axes
  8319 | D:9      | Received a gift from Trog
  8425 | D:9      | Noticed Erolcha
  8432 | D:9      | Killed Erolcha
  8987 | D:10     | Entered Level 10 of the Dungeon
  8988 | D:10     | Found Uzaucir's Antique Armour Boutique.
  9084 | D:10     | Reached skill level 11 in Axes
  9159 | D:10     | Received a gift from Trog
  9291 | D:10     | Found a staircase to the Lair.
  9322 | D:10     | Found a staircase to the Orcish Mines.
  9388 | D:10     | Reached XP level 11. HP: 84/97 MP: 10/10
  9628 | D:10     | Noticed a hill giant
  9640 | D:10     | Killed a hill giant
  9756 | Lair:1   | Entered Level 1 of the Lair of Beasts
 10436 | Lair:1   | Noticed a seven-headed hydra
 10449 | Lair:1   | Killed an 11-headed hydra
 10449 | Lair:1   | Reached skill level 12 in Axes
 10547 | Lair:1   | Received a gift from Trog
 10692 | Lair:1   | Noticed a four-headed hydra
 10699 | Lair:1   | Killed a seven-headed hydra
 10824 | Lair:1   | Reached skill level 10 in Armour
 10890 | Lair:1   | Reached skill level 10 in Bows
 11396 | Lair:1   | Reached skill level 10 in Fighting
 11875 | Lair:2   | Reached XP level 12. HP: 106/106 MP: 11/11
 12552 | Lair:2   | Reached skill level 13 in Axes
 13232 | Lair:3   | Noticed a six-headed hydra
 13243 | Lair:3   | Noticed Nicoed's ghost (journeyman HOFi)
 13244 | Lair:3   | Killed an eight-headed hydra
 13587 | Lair:3   | Got a pair of shimmering gloves
 13598 | Lair:3   | Identified the +2 pair of gloves of the Moneychanger {+Inv rF+ Int+2 Dex-5} (You found it on level 3 of the Lair of Beasts)
 13619 | Lair:3   | Noticed an eight-headed hydra
 13632 | Lair:3   | Killed a 17-headed hydra
 13802 | Lair:3   | Noticed Sonja
 13831 | Lair:3   | Killed Sonja
 13833 | Lair:3   | HP: 8/162 [poisoned by Sonja (curare-tipped needle)]
 14799 | Lair:3   | Killed Nicoed's ghost
 14799 | Lair:3   | Reached skill level 14 in Axes
 14850 | Lair:3   | Reached skill level 10 in Dodging
 15262 | Lair:4   | Reached XP level 13. HP: 65/116 MP: 6/12
 15957 | Lair:4   | Found a staircase to the Snake Pit.
 16395 | Lair:4   | Found a staircase to the Shoals.
 16458 | Lair:4   | Noticed Kirke
 16479 | Lair:4   | Killed Kirke
 16750 | Lair:4   | Received a gift from Trog
 17897 | Lair:5   | Received a gift from Trog
 18045 | Lair:6   | Entered Level 6 of the Lair of Beasts
 18064 | Lair:6   | Reached skill level 15 in Axes
 18477 | Lair:6   | Got a scintillating graven amulet
 18512 | Lair:6   | Found a staircase to the Slime Pits.
 18678 | Lair:6   | Reached XP level 14. HP: 126/126 MP: 10/13
 18683 | Lair:6   | Reached ****** piety under Trog
 19248 | Lair:6   | Found a runed door.
 20433 | Lair:6   | Reached skill level 16 in Axes
 21273 | Orc:1    | Entered Level 1 of the Orcish Mines
 21457 | Orc:1    | Noticed Harold
 21484 | Orc:1    | Killed Harold
 21893 | Orc:2    | Entered Level 2 of the Orcish Mines
 21903 | Orc:2    | Received a gift from Trog
 22195 | Orc:2    | Identified the amulet "Loeticil" {Gourm rPois rF+ Str+4 Dex+2} (You found it on level 6 of the Lair of Beasts)
 22430 | Orc:2    | Found a staircase to the Elven Halls.
 22528 | Orc:2    | Paralysed by an orc sorcerer for 3 turns
 22655 | Orc:2    | Gained mutation: You are clumsy. (Dex -2) [a neqoxec]
 22864 | Orc:2    | Found Zatuw's General Store.
 22864 | Orc:2    | Found Tathresa's Food Emporium.
 22870 | Orc:2    | Found Moleidul's General Store.
 22870 | Orc:2    | Found Wedes's Gadget Boutique.
 22899 | Orc:2    | Bought a potion of heal wounds for 80 gold pieces
 23109 | Orc:2    | Found a deep blue altar of Sif Muna.
 23685 | D:11     | Received a gift from Trog
 24050 | D:12     | Received a gift from Trog
 24399 | D:12     | Received a gift from Trog
 24451 | D:12     | Reached XP level 15. HP: 131/134 MP: 14/14
 25127 | D:13     | Received a gift from Trog
 25325 | D:13     | Noticed syranez's ghost (adept DrBe)
 25351 | D:13     | Killed from afar by syranez's ghost

Skill      XL: |  1  2  3  4  5  6  7  8  9 10 11 12 13 14 15 |
---------------+----------------------------------------------+-----
Armour         | 3 4 5 6 7 8 9 10 11 12 13 | 13.0
Axes           | 4 5 6 8 9 11 12 14 15 16 | 16.9
Fighting       | 4 5 6 7 8 9 10 11 12 | 12.9
Dodging        | 3 4 5 6 7 8 9 10 11 | 11.7
Bows           | 4 6 8 10 11 13 14 | 14.4

Action                   |  1- 3 |  4- 6 |  7- 9 | 10-12 | 13-15 || total
-------------------------+-------+-------+-------+-------+-------++-------
Melee: Hand axe          |    89 |    73 |   234 |   472 |   420 ||  1288
       Headbutt          |    10 |     9 |    60 |   117 |   148 ||   344
       Battleaxe         |       |       |       |       |   168 ||   168
 Fire: Shortbow          |       |       |   165 |   332 |   793 ||  1290
Invok: Berserk           |     1 |     2 |     5 |    10 |    13 ||    31
       Burn Spellbooks   |       |       |       |     2 |     2 ||     4
       Trog's Hand       |       |       |       |     1 |       ||     1
  Use: Scroll            |       |       |     6 |     6 |     9 ||    21
       Potion            |       |       |       |     2 |       ||     2
  Eat: Chunk             |     3 |     4 |    21 |    35 |    58 ||   121
       Pizza             |       |       |       |     2 |     1 ||     3
Armor: Ring mail         |     8 |       |       |       |       ||     8
       Leather armour    |    14 |    14 |    33 |    15 |       ||    76
       Chain mail        |       |       |       |    24 |       ||    24
       Scale mail        |       |       |       |   142 |   172 ||   314
Dodge: Dodged            |    65 |    56 |   147 |   363 |   371 ||  1002
